 Dungeon Crawl Stone Soup version 0.29.1-2-gbd0b4ee654 (webtiles) character file.

Game seed: 4637387068154544499

1255 willock the Cleaver (level 8, 0/71 HPs)
             Began as a Minotaur Berserker on Nov 6, 2022.
             Was a Priest of Trog.
             Slain by a troll (5 damage)
             ... on level 5 of the Dungeon.
             The game lasted 00:22:39 (5708 turns).

willock the Cleaver (Minotaur Berserker)            Turns: 5708, Time: 00:22:40

Health: 0/71       AC: 10    Str: 23    XL:     8   Next: 26%
Magic:  7/7        EV: 11    Int:  4    God:    Trog [***...]
Gold:   199        SH:  0    Dex: 11    Spells: 7/7 levels left

rFire   . . .      SeeInvis .   w - +0 war axe
rCold   . . .      Faith    .   (no shield)
rNeg    . . .      Spirit   .   v - +0 scale mail
rPois   .          Reflect  .   (helmet restricted)
rElec   .          Harm     .   B - +0 cloak
rCorr   .          Rampage  .   (no gloves)
Will    ++...                   b - +0 pair of boots
Stlth   ..........              (no amulet)
HPRegen 1.21/turn               (no ring)
MPRegen 0.10/turn               (no ring)

@: strong-willed, on berserk cooldown, regenerating, slowed, very slow
A: horns 2, retaliatory headbutt
a: Renounce Religion, Berserk, Trog's Hand


You were on level 5 of the Dungeon.
You worshipped Trog.
Trog was most pleased with you.
You visited 1 branch of the dungeon, and saw 5 of its levels.

You collected 199 gold pieces.

Inventory:

Hand Weapons
 a - a +0 hand axe
 w - a +0 war axe (weapon)
Armour
 b - a +0 pair of boots (worn)
 e - a scarf of repulsion
 n - a +0 ring mail
 v - a +0 scale mail (worn)
 B - a +0 cloak (worn)
Jewellery
 C - a ring of ice
Wands
 q - a wand of flame (17)
Scrolls
 c - a scroll of noise {unknown}
 f - 3 scrolls of magic mapping {unknown}
 i - a scroll of blinking {unknown}
 j - a scroll of enchant weapon {unknown}
 k - 5 scrolls of identify {unknown}
 l - a scroll of brand weapon {unknown}
 o - 2 scrolls of poison {unknown}
 t - a scroll of butterflies {unknown}
 u - a scroll of fear {unknown}
 x - a scroll of teleportation {unknown}
 y - a scroll of amnesia {unknown}
Potions
 d - a potion of heal wounds {unknown}
 g - 2 potions of might {unknown}
 h - a potion of mutation {unknown}
 m - 2 potions of degeneration {unknown}
 p - 3 potions of curing {unknown}
 r - a potion of magic {unknown}
 s - a potion of lignification {unknown}
 z - a potion of resistance {unknown}
 A - a potion of ambrosia {unknown}


   Skills:
 + Level 6.8 Fighting
 + Level 8.7 Axes
 + Level 5.6 Armour
 + Level 4.3 Dodging
 + Level 1.0 Stealth


You had 7 spell levels left.
You didn't know any spells.
Your spell library was empty.

Dungeon Overview and Level Annotations

Branches:
Dungeon (5/15)
 Temple: D:4-7

Altars:
Dithmenos
Fedhas
Hepliaklqana
Makhleb
Okawaru
Qazlal
Ru
Sif Muna
Trog
Vehumet
Wu Jian
Zin

Annotations:
D:5 Sigmund


Innate Abilities, Weirdness & Mutations

You have a pair of horns on your head.
You reflexively headbutt those who attack you in melee.


Message History

* * * LOW HITPOINT WARNING * * *
Items here: $ )) [[ ††.
You feel a strong urge to attack something.
You are no longer berserk.
You are exhausted.
You feel yourself slow down. The hound attacks as you move away!
The hound barely misses you. You furiously retaliate!
You headbutt the hound. The hound barely misses you. You furiously retaliate!
You headbutt the hound! The hound closely misses you. You furiously retaliate!
You headbutt the hound. The hound bites you but does no damage.
Your skin crawls.
You feel strong-willed. The hound barely misses you. You furiously retaliate!
You headbutt the hound!
You kill the hound!
Trog accepts your kill.
You hit the scorpion but do no damage. Your headbutt misses the scorpion.
The scorpion stings you but does no damage.
Something hits you!
* * * LOW HITPOINT WARNING * * *
The scorpion barely misses you.
You hit the scorpion. Your headbutt misses the scorpion.
The scorpion is moderately wounded.
The scorpion barely misses you. Something hits you.
* * * LOW HITPOINT WARNING * * *
The scorpion stings you.
* * * LOW HITPOINT WARNING * * *
Something hits you but does no damage.
You slash the scorpion! Your headbutt misses the scorpion.
The scorpion is almost dead.
The scorpion stings you.
* * * LOW HITPOINT WARNING * * *
The scorpion barely misses you. You furiously retaliate!
You headbutt the scorpion.
You kill the scorpion!
Trog accepts your kill. Something hits you.
* * * LOW HITPOINT WARNING * * *
The troll bites you.
You die...

#.# ..#.⌠.⌠.#.# #.####
....⌠.... #....# #.⌠.⌠.#
#....# # #l†)..# #
#....#######.###T###.###
#..............).)......
##..)##########.#...####
#.............#l......#
#...<......@T.†O......#
#...############......#
##<........ ......#
########.. ........
##...... ..... .....


You could see a troll, an ogre and an iguana.

Vanquished Creatures
  An ogre (D:5)
  2 phantoms (D:4)
  Blork the orc (D:4)
  2 necrophages
  3 scorpions
  2 orc priests (D:5)
  2 hounds
  Jessica (D:2)
  3 iguanas
  Natasha (thrice) (D:3)
  2 orc wizards (D:3)
  Terence (D:3)
  Robin (D:3)
  14 adders
  A river rat (D:3)
  A worm (D:2)
  2 dart slugs
  8 orcs
  3 ball pythons
  8 bats
  10 endoplasms
  8 giant cockroaches
  13 goblins
  11 hobgoblins
  7 jackals
  6 quokkas
  2 frilled lizards (D:2)
  10 kobolds
  6 rats
134 creatures vanquished.

Vanquished Creatures (others)
  2 plants (D:1)
2 creatures vanquished.

Grand Total: 136 creatures vanquished

Notes
Turn   | Place    | Note
-------+----------+-------------------------------------------
     0 | D:1      | willock the Minotaur Berserker began the quest for the Orb.
     0 | D:1      | Reached XP level 1. HP: 19/19 MP: 0/0
   329 | D:1      | Reached XP level 2. HP: 27/27 MP: 1/1
   510 | D:1      | Reached skill level 4 in Axes
   589 | D:1      | Found a faded altar of an unknown god.
   902 | D:2      | Reached XP level 3. HP: 28/34 MP: 2/2
   959 | D:2      | Reached ** piety under Trog
  1251 | D:2      | Reached XP level 4. HP: 26/41 MP: 3/3
  1389 | D:2      | Noticed Jessica
  1396 | D:2      | Killed Jessica
  1397 | D:2      | Reached skill level 5 in Axes
  2134 | D:2      | Reached skill level 5 in Fighting
  2181 | D:2      | Reached XP level 5. HP: 48/48 MP: 4/4
  2737 | D:3      | Noticed Terence
  2742 | D:3      | Killed Terence
  2777 | D:3      | Noticed Natasha
  2786 | D:3      | Killed Natasha
  2787 | D:3      | Reached skill level 6 in Axes
  2805 | D:3      | Noticed Natasha
  2810 | D:3      | Killed Natasha
  2863 | D:3      | Reached XP level 6. HP: 55/56 MP: 5/5
  3073 | D:3      | Found a glowing drain.
  3165 | D:3      | Noticed Natasha
  3173 | D:3      | Killed Natasha
  3380 | D:3      | Noticed Robin
  3396 | D:3      | Killed Robin
  4327 | D:4      | Reached *** piety under Trog
  4328 | D:4      | Reached XP level 7. HP: 44/61 MP: 6/6
  4441 | D:4      | Noticed Blork the orc
  4443 | D:4      | Reached skill level 7 in Axes
  4443 | D:4      | Reached skill level 1 in Stealth
  4458 | D:4      | Killed Blork the orc
  4966 | D:4      | Found a bloodstained altar of Trog.
  5264 | D:4      | Found a shadowy altar of Dithmenos.
  5265 | D:4      | Found a sacrificial altar of Ru.
  5265 | D:4      | Found a glowing silver altar of Zin.
  5265 | D:4      | Found a shimmering blue altar of Sif Muna.
  5265 | D:4      | Found a radiant altar of Vehumet.
  5268 | D:4      | Found an iron altar of Okawaru.
  5278 | D:4      | Found a burning altar of Makhleb.
  5280 | D:4      | Found an ornate altar of the Wu Jian Council.
  5285 | D:4      | Found a blossoming altar of Fedhas.
  5292 | D:4      | Found a stormy altar of Qazlal.
  5293 | D:4      | Found a hazy altar of Hepliaklqana.
  5614 | D:5      | Entered Level 5 of the Dungeon
  5628 | D:5      | Reached skill level 8 in Axes
  5635 | D:5      | Reached skill level 5 in Armour
  5635 | D:5      | Reached XP level 8. HP: 62/70 MP: 7/7
  5684 | D:5      | Noticed a troll
  5684 | D:5      | Noticed Sigmund
  5706 | D:5      | HP: 1/71 [something (4)]
  5708 | D:5      | Slain by a troll

Illustrated notes

Levels and vault maps discovered:
D:1:      heliophobic_arrival_enchanted_forest, layout_rooms,
          basic_ecumenical_altar, serial_bayou, serial_bayou_pond_d,
          serial_bayou_crossing, serial_bayou_shore_b, serial_bayou_shore_b
D:2:      layout_rooms, minmay_joined_circles, uniq_jessica
D:3:      layout_basic, gup_sewer_entry_spiral, chequers_jeans,
          nicolae_hexahallways, uniq_robin, uniq_natasha, uniq_terence
D:4:      layout_loops_cross, minitemple, uniq_blork_the_orc
D:5:      layout_basic, minmay_chambers_of_fives, uniq_eustachio, uniq_sigmund,
          uniq_pikel

Skill      XL: |  1  2  3  4  5  6  7 |
---------------+----------------------+-----
Fighting       | 4 5 6 |  6.8
Axes           | 4 5 6 8 |  8.7
Dodging        | 3 4 |  4.3
Armour         | 3 5 |  5.6
Stealth        | 1 |  1.0

Action                   |  1- 3 |  4- 6 |  7- 9 || total
-------------------------+-------+-------+-------++-------
Melee: Hand axe          |    64 |   185 |    22 ||   271
       Headbutt          |    11 |    23 |     7 ||    41
       Punch             |     1 |     3 |     2 ||     6
       War axe           |       |       |    59 ||    59
Invok: Berserk           |     1 |     6 |     2 ||     9
       Trog's Hand       |       |     1 |     1 ||     2
Armor: Animal skin       |    13 |       |       ||    13
       Ring mail         |       |    72 |     2 ||    74
       Scale mail        |       |       |    26 ||    26
Dodge: Dodged            |    31 |    83 |    47 ||   161
       Repelled          |       |     2 |     1 ||     3
